 Dungeon Crawl Stone Soup version 0.17.0 (webtiles) character file.

254 KINGKRU the Shield-Bearer (level 6, -2/52 HPs)
             Began as a Hill Orc Fighter on Nov 13, 2015.
             Was a Believer of Cheibriados.
             Slain by a big kobold
             ... wielding a +0 club
              (3 damage)
             ... on level 5 of the Dungeon.
             The game lasted 00:12:58 (2342 turns).

KINGKRU the Shield-Bearer (Hill Orc Fighter)        Turns: 2342, Time: 00:12:58

Health: -2/52      AC:  7    Str: 31    XL:     6   Next: 15%
Magic:  6/6        EV:  9    Int: 13    God:    Cheibriados [**....]
Gold:   100        SH: 11    Dex: 15    Spells: 0 memorised, 5 levels left

rFire  . . .     SeeInvis .     a - +0 long sword
rCold  + . .     Clarity  .     b - +0 scale mail
rNeg   . . .     SustAt   .     c - +0 shield
rPois  .         Gourm    .     (no helmet)
rElec  .         Spirit   .     (no cloak)
rCorr  .         Warding  .     (no gloves)
rMut   .         Stasis   .     (no boots)
MR     .....                    (no amulet)
Stlth  ..........               (no ring)
                                n - ring of protection from cold

@: mighty, very slow, not resistant to hostile enchantments, extremely
unstealthy
A: no striking features
a: Bend Time, Renounce Religion


You were on level 5 of the Dungeon.
You worshipped Cheibriados.
Cheibriados was pleased with you.
You were not hungry.

You visited 1 branch of the dungeon, and saw 4 of its levels.

You collected 100 gold pieces.

Inventory:

Hand Weapons
 a - a +0 long sword (weapon)
Armour
 b - a +0 scale mail (worn)
 c - a +0 shield (worn)
Jewellery
 n - a ring of protection from cold (left hand)
Scrolls
 g - a scroll of random uselessness
 j - a scroll of immolation {unknown}
 q - a scroll of enchant weapon {unknown}
 r - a scroll of amnesia
 t - a scroll of magic mapping
Potions
 e - a potion of curing
 f - a potion of resistance {unknown}
 h - a potion of agility {unknown}
 i - a potion of flight {unknown}
 o - a potion of haste {unknown}
 p - a potion of experience {unknown}
 u - a potion of mutation {unknown}
Comestibles
 k - a beef jerky
 l - a meat ration
 s - a slice of pizza


   Skills:
 + Level 4.3 Fighting
 + Level 3.1 Long Blades
 + Level 4.4 Armour
 + Level 2.1 Dodging
 + Level 4.8 Shields


You had 5 spell levels left.
You didn't know any spells.

Dungeon Overview and Level Annotations

Branches:
Dungeon (5/15)
 Temple: D:4-7

Altars:
Cheibriados
Qazlal


Message History

Increase (S)trength, (I)ntelligence, or (D)exterity?
You feel stronger. You block the gnoll's attack. The gnoll barely misses you.
The big kobold hits you with a club.
* * * LOW HITPOINT WARNING * * *
The kobold throws a stone.
The stone hits you but does no damage. The gnoll closely misses you.
The kobold throws a stone.
The stone hits you but does no damage.
The kobold throws a stone.
The stone hits you but does no damage.
You slash the kobold!
You kill the kobold!
Cheibriados thoroughly appreciates the change of pace.
The gnoll barely misses you.
The big kobold hits you but does no damage.
You block the gnoll's attack.
You barely miss the kobold. You block the gnoll's attack.
The big kobold completely misses you.
The kobold throws a stone.
The stone barely misses you.
The kobold throws a stone.
You block the stone. You block the gnoll's attack.
The big kobold hits you with a club.
You die...

########## # #.
#..............# # #$K
#.... ........+ # #'##....
.......######### #......#
#..........#. #......#
#..........'.
#......########..........#)
#.)..KgK......)#########
#.((.K)@....(..))......#
#..(.(gK......)#.......#
########################
≈≈≈≈≈≈≈≈≈≈≈≈≈≈
≈≈≈≈≈≈≈≈≈≈≈≈≈.
≈≈≈≈≈≈≈≈≈≈≈≈≈.
.≈≈..≈≈..≈≈..≈
..............
........((((((


You could see a big kobold, 2 gnolls and 3 kobolds.

Vanquished Creatures
  2 big kobolds (D:5)
  3 adders
  2 oozes
  A worm (D:2)
  An orc (D:5)
  4 bats
  3 hobgoblins
  3 jackals (D:2)
  A quokka (D:2)
  A giant cockroach (D:3)
  A giant newt (D:2)
  6 goblins
  31 kobolds
  2 rats
61 creatures vanquished.

Notes
Turn   | Place    | Note
--------------------------------------------------------------
     0 | D:1      | KINGKRU the Hill Orc Fighter began the quest for the Orb.
     0 | D:1      | Reached XP level 1. HP: 19/19 MP: 1/1
   204 | D:1      | Found a snail-covered altar of Cheibriados.
   230 | D:1      | Became a worshipper of Cheibriados the Contemplative
   494 | D:1      | Reached XP level 2. HP: 27/27 MP: 2/2
  1005 | D:2      | Reached skill level 4 in Fighting
  1005 | D:2      | Reached XP level 3. HP: 18/33 MP: 3/3
  1530 | D:3      | Reached * piety under Cheibriados
  1569 | D:3      | Found a stormy altar of Qazlal.
  1667 | D:3      | Reached skill level 1 in Dodging
  1667 | D:3      | Reached XP level 4. HP: 40/40 MP: 4/4
  1905 | D:3      | You fall through a shaft for 2 floors!
  1905 | D:5      | Entered Level 5 of the Dungeon
  2055 | D:5      | Reached ** piety under Cheibriados
  2270 | D:5      | Noticed a big kobold
  2291 | D:5      | Killed a big kobold
  2291 | D:5      | Reached XP level 5. HP: 41/46 MP: 5/5
  2307 | D:5      | Noticed a big kobold
  2308 | D:5      | Noticed a big kobold
  2340 | D:5      | Killed a big kobold
  2340 | D:5      | Reached XP level 6. HP: 5/52 MP: 6/6
  2340 | D:5      | HP: 1/52 [big kobold/club (4)]
  2342 | D:5      | Slain by a big kobold

Action                   |  1- 3 |  4- 6 || total
-------------------------+-------+-------++-------
Melee: Long sword        |    90 |   111 ||   201
  Use: Scroll            |     3 |     1 ||     4
       Potion            |     1 |     3 ||     4
  Eat: Bread ration      |     1 |       ||     1
